 Dungeon Crawl Stone Soup version 0.28-a0-511-gcc94558de3 (webtiles) character file.

Game seed: 14295760411832456318

9183 robertstho the Thaumaturge (level 11, 0/71 HPs)
             Began as a Djinni Fire Elementalist on Sept 21, 2021.
             Was an Initiate of Gozag.
             Slain by a rakshasa (17 damage)
             ... on level 9 of the Dungeon.
             The game lasted 00:15:32 (8196 turns).

robertstho the Thaumaturge (DjFE)                   Turns: 8196, Time: 00:15:32

Health: 0/71       AC:  5    Str: 13    XL:     11   Next: 69%
Gold:   1491       EV: 14    Int: 20    God:    Gozag SH:  0 Dex: 14

rFire   + + .      SeeInvis .   v - +7 mace of Honour {drain, rElec}
rCold   x . .      Faith    .   (no shield)
rNeg    . . .      Spirit   .   a - +0 robe
rPois   ∞          Reflect  .   h - +0 helmet
rElec   +          Harm     .   u - +0 cloak
rCorr   .          Rampage  .   e - +0 pair of gloves
Will    +....                   (boots unavailable)
Stlth   +++.......              k - amulet of regeneration
HPRegen 1.21/turn               B - +6 ring of strength
MPRegen 0.00/turn               (no ring)

@: gold aura, flying
A: sickness immunity, fire resistance 2, cold vulnerability 1, float, innate
caster, hp casting, extra vitality 1
a: Renounce Religion, Potion Petition, Call Merchant, Bribe Branch


You were on level 9 of the Dungeon.
You worshipped Gozag.
Gozag was most pleased with you.
You visited 2 branches of the dungeon, and saw 10 of its levels.
You also visited: Sewer.

You collected 1575 gold pieces.
You paid 84 gold pieces to Gozag.

Inventory:

Hand Weapons
 g - a +0 dagger of speed
 v - the +7 mace of Honour (weapon) {drain, rElec}
   (You found it on level 4 of the Dungeon)

   A truly terrible weapon, it drains the life of any living foe it strikes.
   rElec:     It insulates you from electricity.
 I - a +2 glaive of flaming
Missiles
 A - 3 throwing nets
Armour
 a - a +0 robe (worn)
 e - a +0 pair of gloves (worn)
 h - a +0 helmet (worn)
 u - a +0 cloak (worn)
Jewellery
 k - an amulet of regeneration (around neck)
 B - a +6 ring of strength (left hand)
Wands
 q - a wand of flame (28)
 F - a wand of digging (4)
 G - a wand of iceblast (7)
 H - a wand of polymorph (11)
 J - a wand of paralysis (5)
Scrolls
 b - 2 scrolls of blinking {unknown}
 d - 2 scrolls of summoning {unknown}
 i - 6 scrolls of immolation
 j - a scroll of noise {unknown}
 n - 5 scrolls of teleportation
 o - 2 scrolls of magic mapping {unknown}
 r - a scroll of torment {unknown}
 s - a scroll of enchant armour
 C - 4 scrolls of fog {unknown}
 D - 4 scrolls of brand weapon {unknown}
 E - a scroll of enchant weapon
Potions
 c - 2 potions of cancellation
 f - 2 potions of brilliance {unknown}
 l - a potion of mutation {unknown}
 m - a potion of lignification {unknown}
 p - a potion of heal wounds {unknown}
 t - a potion of might {unknown}
 w - 3 potions of invisibility {unknown}
 x - 3 potions of ambrosia


   Skills:
 + Level 3.1 Fighting
 + Level 0.5 Short Blades
 + Level 2.7 Maces & Flails
 + Level 5.8 Dodging
 + Level 4.2 Stealth
 + Level 0.1 Unarmed Combat
 + Level 12.1 Spellcasting


You had 8 spell levels left.
You knew the following spells:

 Your Spells              Type           Power      Damage    Failure   Level
a - Foxfire               Conj/Fire      100%       2x1d9     1%          1
b - Scorch                Fire           100%       2d10      1%          2
c - Conjure Flame         Conj/Fire      57%        6-21      1%          3
d - Inner Flame           Hex/Fire       57%        N/A       1%          3
e - Flame Wave            Conj/Fire      57%        3d10      1%          4
f - Pain                  Necr           100%       1d9       1%          1
g - Passwall              Tmut/Erth      47%        N/A       1%          2
h - Searing Ray           Conj           100%       2d8       1%          2
i - Confusing Touch       Hex            57%        N/A       1%          3
j - Fireball              Conj/Fire      28%        3d12      1%          5
Your spell library was empty.

Dungeon Overview and Level Annotations

Branches:
Dungeon (9/15)             Temple (1/1) D:5            Lair (0/6) D:8
    Orc (0/2) D:9           Sewer (visited)

Altars:
Ashenzari
Cheibriados
Dithmenos
Fedhas
Gozag
Hepliaklqana
Kikubaaqudgha
Makhleb
Nemelex Xobeh
Okawaru
Ru
Sif Muna
Trog
Wu Jian
Xom
Zin
The Shining One

Shops:
D:1 (

Annotations:
D:7 Harold


Innate Abilities, Weirdness & Mutations

You are immune to sickness and miasma.
You are immune to poison.
Your flesh is very heat resistant. (rF++)
You are vulnerable to cold. (rC-)
You float through the air rather than walking.
You learn spells naturally, not from books.
Your magical power is your life essence.
You have superior vitality. (+4 HP)


Message History

The rakshasa is heavily wounded. (Press . to intensify the flame waves.)
The rakshasa barely misses you.
Unknown command.
A wave of flame ripples out!
The flame wave engulfs the rakshasa!!
You kill the rakshasa!
The rakshasa shimmers and vanishes!
The flame wave engulfs the rakshasa!
The rakshasa is almost dead.
A wave of flame ripples out!
The flame wave engulfs the rakshasa.
You kill the rakshasa!
The rakshasa shimmers and vanishes!
The flame wave engulfs the rakshasa.
The rakshasa is heavily wounded.
You finish channelling waves of flame.
You hear a shout!
The rakshasa gestures at you. The lance of force hits you!
You are knocked back by the lance of force.
You slam into the stone wall!
* * * LOW HITPOINT WARNING * * *
Casting: Flame Wave (safe; 1% risk of failure)
Confirm with . or Enter, or press ? or * to list all spells.
Casting: Flame Wave (safe; 1% risk of failure)
Press: ? - help, Dir - look around, f - activate A wave of flame ripples out! (Press . to intensify the flame waves.)
* * * LOW HITPOINT WARNING * * *
Unknown command.
A wave of flame ripples out!
The flame wave engulfs the rakshasa!
The rakshasa is severely wounded.
* * * LOW HITPOINT WARNING * * *
The rakshasa hits you with a +0 falchion.
* * * LOW HITPOINT WARNING * * *
A wave of flame ripples out!
The flame wave engulfs the rakshasa!
The rakshasa is almost dead.
* * * LOW HITPOINT WARNING * * *
You finish channelling waves of flame.
The rakshasa closely misses you.
You feel better.
The rakshasa hits you with a +0 falchion!
You die...
Your body crumbles into a pile of gold.

............# #.. $ #
............## ..# # $ #
............#.. #.. .# #
............#..# ..##.# #
............# #.. #..# #
............# .$##..## #
..>.........#. #$$##$# $$#
............#..##R$##.# #
............# #.@##..## $ #
#...........#####.##### ### ###
########.##.#.........# ... ..#
..######....#.#'###'#.# #.# #.#
#...........# #.....# #.# #.#
#...........#.###'###.#.###.###.#
#.......###.#.'.....'.#.....)))..
#...........#.###'###.#.###.###.#
#...........# #.....# # #.# #.#


You could see a rakshasa.

Vanquished Creatures
  2 two-headed ogres (D:8)
  A death knight (D:9)
  Maurice (D:9)
  Maggie (D:9)
  An unseen horror (D:9)
  A wyvern (D:8)
  Eustachio (D:6)
  12 yaks
  Menkaure (D:7)
  Duvessa (D:7)
  An acid dragon (D:9)
  4 orc warriors (D:9)
  3 sky beasts
  A hornet zombie (D:7)
  4 ogres
  Purgy (Sewer)
  An ice beast (D:7)
  A necrophage (D:4)
  9 centaurs
  2 kobold brigands
  Blork the orc (D:6)
  2 wyvern zombies
  A gnoll sergeant (D:8)
  2 bullfrogs
  2 scorpions
  Dowan (D:7)
  5 wights (D:8)
  5 killer bees (D:9)
  2 centaur zombies
  2 orc priests (D:9)
  3 hounds
  A jelly (D:5)
  Crazy Yiuf (D:4)
  A centaur skeleton (D:6)
  A gnoll shaman (D:6)
  2 bullfrog skeletons
  Terence (D:2)
  An iguana (D:6)
  9 orc wizards
  Robin (D:2)
  2 howler monkey zombies (D:9)
  14 gnolls
  11 adders
  A white imp (D:6)
  An adder skeleton (D:4)
  2 worms
  3 dart slugs
  36 orcs
  4 ball pythons
  4 bats
  4 endoplasms
  4 giant cockroaches (D:6)
  9 goblins
  11 hobgoblins
  2 jackals (D:2)
  21 kobolds
  2 quokkas
  A frilled lizard (D:3)
  8 rats
233 creatures vanquished.

Vanquished Creatures (others)
  381 foxfires
  4 plants (D:9)
385 creatures vanquished.

Grand Total: 618 creatures vanquished

Notes
Turn   | Place    | Note
-------+----------+-------------------------------------------
     0 | D:1      | robertstho the Djinni Fire Elementalist began the quest for
                  | the Orb.
     0 | D:1      | Reached XP level 1. HP: 15/15 MP: 0/0
    30 | D:1      | Found Payjawn's Weapon Shop.
   300 | D:1      | Reached XP level 2. HP: 19/21 MP: 0/0
  1022 | D:2      | Noticed Terence
  1032 | D:2      | Killed Terence
  1033 | D:2      | Reached skill level 3 in Spellcasting
  1033 | D:2      | Reached XP level 3. HP: 2/25 MP: 0/0
  1033 | D:2      | Learned a level 1 spell: Pain
  1333 | D:2      | Noticed Robin
  1338 | D:2      | Reached XP level 4. HP: 23/31 MP: 0/0
  1348 | D:2      | Killed Robin
  2845 | D:3      | Reached XP level 5. HP: 34/35 MP: 0/0
  2845 | D:3      | Learned a level 2 spell: Passwall
  3149 | D:3      | Reached skill level 4 in Spellcasting
  3441 | D:4      | Noticed a bullfrog
  3443 | D:4      | Reached XP level 6. HP: 39/40 MP: 0/0
  3518 | D:4      | Noticed an ogre
  3525 | D:4      | Killed an ogre
  3624 | D:4      | Found a runed translucent door.
  3625 | D:4      | Noticed Crazy Yiuf
  3643 | D:4      | Noticed a sky beast
  3651 | D:4      | Killed a sky beast
  3652 | D:4      | Reached skill level 5 in Spellcasting
  3652 | D:4      | Reached XP level 7. HP: 34/45 MP: 0/0
  3652 | D:4      | Learned a level 2 spell: Searing Ray
  3857 | D:4      | Reached skill level 6 in Spellcasting
  4091 | D:4      | Found a burning altar of Makhleb.
  4159 | D:4      | Killed Crazy Yiuf
  4160 | D:4      | Reached XP level 8. HP: 48/50 MP: 0/0
  4165 | D:4      | Identified the +7 mace of Honour {drain, rElec}
  4208 | D:5      | Entered Level 5 of the Dungeon
  4851 | D:5      | Found a staircase to the Ecumenical Temple.
  4961 | Temple   | Entered the Ecumenical Temple
  4970 | Temple   | Became a worshipper of Gozag Ym Sagoz the Greedy
  5005 | D:6      | Found a glowing drain.
  5019 | D:6      | Noticed Blork the orc
  5032 | D:6      | Reached skill level 7 in Spellcasting
  5042 | D:6      | Killed Blork the orc
  5050 | D:6      | Noticed Eustachio
  5066 | D:6      | Killed Eustachio
  5073 | D:6      | Reached XP level 9. HP: 40/56 MP: 0/0
  5073 | D:6      | Learned a level 3 spell: Confusing Touch
  5338 | D:6      | Reached skill level 8 in Spellcasting
  5391 | Sewer    | Entered a sewer
  5452 | Sewer    | Noticed Purgy
  5455 | Sewer    | Killed Purgy
  5563 | D:6      | Reached skill level 1 in Maces & Flails
  6082 | D:7      | Reached skill level 9 in Spellcasting
  6214 | D:7      | Noticed Menkaure
  6219 | D:7      | Killed Menkaure
  6364 | D:7      | Noticed Duvessa
  6366 | D:7      | Noticed Dowan
  6371 | D:7      | Killed Dowan
  6375 | D:7      | Killed Duvessa
  6376 | D:7      | Reached XP level 10. HP: 25/61 MP: 0/0
  6487 | D:7      | Noticed Harold
  6497 | D:7      | HP: 3/61 [Harold (26)]
  6601 | D:8      | Noticed a two-headed ogre
  6601 | D:8      | Found a staircase to the Lair.
  6608 | D:8      | Killed a two-headed ogre
  6609 | D:8      | Reached skill level 1 in Fighting
  6740 | D:8      | Reached skill level 10 in Spellcasting
  6748 | D:8      | Noticed a two-headed ogre
  6774 | D:8      | Killed a two-headed ogre
  7226 | D:9      | Reached skill level 11 in Spellcasting
  7226 | D:9      | Reached XP level 11. HP: 68/68 MP: 0/0
  7226 | D:9      | Learned a level 5 spell: Fireball
  7288 | D:9      | Noticed a death knight
  7307 | D:9      | Reached skill level 5 in Dodging
  7581 | D:9      | Found a staircase to the Orcish Mines.
  7605 | D:9      | Noticed Maggie
  7609 | D:9      | Paralysed by Maggie for 2 turns
  7617 | D:9      | Killed Maggie
  7667 | D:9      | Noticed Maurice
  7674 | D:9      | Killed Maurice
  8011 | D:9      | Killed a death knight
  8012 | D:9      | Reached skill level 12 in Spellcasting
  8186 | D:9      | Noticed a rakshasa
  8196 | D:9      | Slain by a rakshasa

Illustrated notes

Levels and vault maps discovered:
D:1:      wheals_arrival_shading, layout_rooms, serial_shops, shop
D:2:      layout_loops_corners, feat_on_display, uniq_terence, uniq_robin
D:3:      layout_basic, st_stairs_8
D:4:      layout_loops_cross, general_overflow_altar, amethyst_killhole,
          uniq_crazy_yiuf_cottage
D:5:      layout_loops_ring, minmay_temple_entry_butterflies
D:6:      layout_basic, gup_sewer_entry_glass, minmay_misc_feat_more_columns,
          uniq_eustachio, uniq_blork_the_orc
D:7:      layout_loops_corners, uniq_duvessa, uniq_menkaure, uniq_harold
D:8:      layout_rooms, lair_entry_dummy, eino_tiny_chamber
D:9:      minmay_the_grid_4x2 [minmay_the_grid_all_tris,
          minmay_the_grid_minigrid_medium, minmay_the_grid_doors,
          minmay_the_grid_tri_star, minmay_the_grid_minigrid_large,
          minmay_the_grid_fan, minmay_the_grid_plusring,
          minmay_the_grid_prize_big_room], layout_long_grid, hiddenorc2_lemuel,
          serial_bayou_crossing, uniq_joseph, uniq_maggie, uniq_maurice
Temple:   dpeg_three_leaves_temple

Skill      XL: |  1  2  3  4  5  6  7  8  9 10 11 |
---------------+----------------------------------+-----
Spellcasting   | 3 4 5 6 7 9 11 12 | 12.1
Stealth        | 2 3 4 |  4.2
Dodging        | 3 4 5 |  5.8
Maces & Flails | 2 |  2.7
Fighting       | 2 3 |  3.1
Short Blades   | |  0.5
Unarmed Combat | |  0.1

Action                   |  1- 3 |  4- 6 |  7- 9 | 10-12 || total
-------------------------+-------+-------+-------+-------++-------
Melee: Unarmed           |    10 |       |       |       ||    10
       Dagger            |       |    14 |     4 |       ||    18
       Mace              |       |       |     5 |    17 ||    22
 Cast: Foxfire           |    43 |    85 |    51 |    49 ||   228
       Scorch            |     3 |    36 |   108 |    24 ||   171
       Flame Wave        |       |       |     9 |    29 ||    38
       Confusing Touch   |       |       |       |     1 ||     1
       Fireball          |       |       |       |    10 ||    10
  Use: Scroll            |       |       |     4 |     7 ||    11
       Potion            |       |       |       |     4 ||     4
 Stab: Sleeping          |     1 |       |       |       ||     1
Armor: Robe              |     8 |     7 |    17 |     8 ||    40
Dodge: Dodged            |    23 |    21 |    50 |    51 ||   145

Table legend: (Time is in decaauts)
 A = Elapsed time spent in this place.
 B = Non-inter-level travel time spent in this place.
 C = Inter-level travel time spent in this place.
 D = Time resting spent in this place.
 E = Time spent auto-exploring this place.
 F = Levels seen in this place.
 G = Mean time per level.
                   A        B        C        D        E       F      G
               +--------+--------+--------+--------+--------+-----+--------+
         Total |   8194 |   7918 |    276 |    733 |   5813 |  11 |  744.9 |
       Dungeon |   8042 |   7776 |    266 |    733 |   5733 |   9 |  893.6 |
        Temple |     18 |      9 |      9 |      0 |      0 |   1 |   18.0 |
         Sewer |    133 |    133 |      0 |      0 |     80 |   1 |  133.0 |
               +--------+--------+--------+--------+--------+-----+--------+

Top non-repeatable levels by time:
     D:2: 1661 daAuts
     D:1: 1021 daAuts
     D:9: 998 daAuts
     D:6: 926 daAuts
     D:5: 771 daAuts
     D:4: 764 daAuts
     D:3: 753 daAuts
     D:8: 600 daAuts
     D:7: 545 daAuts
   Sewer: 133 daAuts
  Temple: 18 daAuts
